Niagara IceDogs vs Adelaide Pink Elephants
Created - Sunday, May 21, 2023 at 07:00
Goals
|
| Niagara IceDogs |
2 |
0 |
1 |
3 |
| Adelaide Pink Elephants |
1 |
0 |
1 |
2 |
|
Shots
|
| Niagara IceDogs |
5 |
5 |
19 |
29 |
| Adelaide Pink Elephants |
23 |
17 |
4 |
44 |
|
1st period
1. Adelaide Pink Elephants , Akil Thomas 3 (Riley Damiani 15, Declan Chisholm 15) at 5:13
2. Niagara IceDogs , Jack Quinn 12 (Aliaksei Protas 35, Arttu Ruotsalainen 50) at 17:20
3. Niagara IceDogs , James Hamblin 12 (Nicholas Robertson 9) at 19:59
Penalties :
Filip Kral (NID) for Hooking (Minor) at 7:41
2nd period
No Goal
Penalties :
Jack Quinn (NID) for Roughing (Minor) at 9:28, John Ludvig (NID) for Tripping (Minor) at 15:37, Chase Pearson (NID) for Hooking (Minor) at 19:02
3rd period
4. Adelaide Pink Elephants , Adam Gaudette 28 (Johan Larsson 48) at 0:30 (PP)
5. Niagara IceDogs , Jonatan Berggren 24 (Anthony Angello 12, John Ludvig 11) at 13:09
Penalties :
Anthony Angello (NID) for Delaying the game (Minor) at 5:04, Jonatan Berggren (NID) for Hooking (Minor) at 8:37, Nick Cicek (APE) for Hooking (Minor) at 10:52, Jack Quinn (NID) for Tripping (Minor) at 10:57, Nick Cicek (APE) for Hooking (Minor) at 18:07
Goalie Stats
Joseph Woll (NID), 42 saves from 44 shots - (0.955), W, 19-15-0, 60:00 minutes
Jet Greaves (APE), 26 saves from 29 shots - (0.897), L, 11-23-4, 60:00 minutes
Players Stats for Niagara IceDogs
Player Name G A P +/- PIM S H SB GA TA FO MP PP MP PK MP
------------------------------------------------------------------------------------
Alex Whelan 0 0 0 1 0 1 1 0 0 0 0/0 11:10 0:00 0:00
Aliaksei Protas 0 1 1 0 0 1 1 0 1 2 2/8 18:34 0:59 5:32
Anthony Angello 0 1 1 1 2 0 1 0 0 0 0/2 14:08 0:58 0:00
Arttu Ruotsalainen 0 1 1 0 0 5 4 0 0 0 5/12 19:38 0:59 5:27
Chase Pearson 0 0 0 0 2 3 1 0 1 0 0/3 10:26 0:00 2:09
Conor Timmins 0 0 0 2 0 0 1 1 0 1 0/0 21:46 0:51 5:42
Filip Kral 0 0 0 0 2 0 3 0 0 1 0/0 13:06 0:00 0:07
Ian Mitchell 0 0 0 0 0 1 1 0 0 2 0/0 25:22 1:06 5:46
Jack Quinn 1 0 1 0 4 4 0 0 0 0 0/2 17:49 0:58 3:55
Jacob MacDonald 0 0 0 0 0 2 0 2 0 1 0/0 25:27 1:06 5:51
James Hamblin 1 0 1 1 0 2 0 0 1 0 0/1 12:37 0:00 0:25
Jayden Halbgewachs 0 0 0 1 0 0 1 0 3 0 5/7 11:57 0:00 0:00
Joachim Blichfeld 0 0 0 1 0 2 1 1 3 0 0/0 13:51 0:58 0:06
Johannes Kinnvall 0 0 0 0 0 0 1 1 0 0 0/0 13:31 0:00 0:39
John Ludvig 0 1 1 2 2 1 2 1 0 0 0/0 21:14 0:51 4:51
Jonatan Berggren 1 0 1 1 2 4 1 0 1 0 7/12 18:37 0:58 4:20
Nicholas Robertson 0 1 1 0 0 2 1 0 0 0 0/0 9:31 0:00 1:02
Tim Soderlund 0 0 0 0 0 1 1 0 0 0 0/0 7:47 0:00 0:00
Players Stats for Adelaide Pink Elephants
Player Name G A P +/- PIM S H SB GA TA FO MP PP MP PK MP
------------------------------------------------------------------------------------
A.J. Greer 0 0 0 0 0 2 4 0 2 2 1/2 13:58 0:00 0:05
Adam Gaudette 1 0 1 -1 0 3 2 2 0 4 0/1 18:10 5:51 0:58
Akil Thomas 1 0 1 0 0 2 0 0 0 0 0/0 14:21 0:01 0:00
Ben Gleason 0 0 0 -1 0 0 0 4 0 0 0/0 14:01 0:00 0:00
Caleb Jones 0 0 0 0 0 3 2 0 0 0 0/0 25:09 5:41 1:07
Declan Chisholm 0 1 1 -1 0 1 0 0 0 2 0/0 21:07 5:47 0:50
Dominik Simon 0 0 0 -1 0 3 1 0 2 0 0/0 18:28 5:34 0:00
Johan Larsson 0 1 1 -1 0 6 0 1 1 0 12/19 23:21 5:51 0:54
Kevin Stenlund 0 0 0 -1 0 3 1 1 1 0 7/10 20:17 5:34 0:58
Marc McLaughlin 0 0 0 0 0 0 0 0 0 0 0/0 2:06 0:03 0:00
Matthew Phillips 0 0 0 -1 0 10 1 0 0 0 0/2 18:28 5:34 0:00
Nick Cicek 0 0 0 -1 4 1 1 2 0 0 0/0 13:37 0:02 0:00
Philippe Myers 0 0 0 0 0 2 0 1 0 0 0/0 25:09 5:41 1:07
Riley Damiani 0 1 1 0 0 3 1 0 0 1 5/10 14:01 0:00 0:05
Robin Salo 0 0 0 -1 0 2 1 2 0 1 0/0 20:50 5:47 0:50
Ryan Dzingel 0 0 0 -1 0 3 1 1 1 0 0/0 23:07 5:48 0:54
Ryan Suzuki 0 0 0 0 0 0 0 0 0 0 0/0 3:01 0:06 0:00
Tyler Madden 0 0 0 0 0 0 0 0 0 0 3/3 6:56 0:00 0:00
3 Stars
1 - Joseph Woll (NID)
2 - James Hamblin (NID)
3 - Arttu Ruotsalainen (NID)
Power Play
Niagara IceDogs - 0 on 2 Attempt(s) - 0.00%
Adelaide Pink Elephants - 1 on 7 Attempt(s) - 14.29%
Penalty Kill
Niagara IceDogs - 6 on 7 Attempt(s) - 85.71%
- Score 0 goal in Penalty Kill
Adelaide Pink Elephants - 2 on 2 Attempt(s) - 100.00%
- Score 0 goal in Penalty Kill
Team Stat
Niagara IceDogs - Hits : 21 - Faceoff Wins : 19 - Blocked Shots : 6 - Penalty Minutes : 14
Adelaide Pink Elephants - Hits : 15 - Faceoff Wins : 28 - Blocked Shots : 14 - Penalty Minutes : 4
Official
Referees : Francois StLaurent and Kyle Rehman
Linesman : Ryan Gibbons and Scott Driscoll
Game Notes
No Game Note
Niagara IceDogs
5 vs 5 Forward
Center Left Wing Right Wing Time % Phy DF OF
1 Arttu Ruotsalainen Aliaksei Protas Jack Quinn 30 1 2 2
2 Jonatan Berggren Joachim Blichfeld Anthony Angello 30 1 2 2
3 Jayden Halbgewachs James Hamblin Alex Whelan 25 1 2 2
4 Chase Pearson Nicholas Robertson Tim Soderlund 15 1 2 2
5 vs 5 Defense
Defense Defense Time % Phy DF OF
1 Ian Mitchell Jacob MacDonald 30 1 2 2
2 Conor Timmins John Ludvig 30 1 2 2
3 Filip Kral Johannes Kinnvall 25 1 2 2
4 Ian Mitchell Jacob MacDonald 15 1 2 2
PowerPlay Forward
Center Left Wing Right Wing Time % Phy DF OF
1 Arttu Ruotsalainen Aliaksei Protas Jack Quinn 50 1 2 2
2 Jonatan Berggren Joachim Blichfeld Anthony Angello 50 1 2 2
PowerPlay Defense
Defense Defense Time % Phy DF OF
1 Ian Mitchell Jacob MacDonald 50 1 2 2
2 Conor Timmins John Ludvig 50 1 2 2
Penalty Kill 4 Players Forward
Center Wing Time % Phy DF OF
1 Jack Quinn Arttu Ruotsalainen 50 1 2 2
2 Aliaksei Protas Jonatan Berggren 50 1 2 2
Penalty Kill 4 Players Defense
Defense Defense Time % Phy DF OF
1 Ian Mitchell Jacob MacDonald 50 1 2 2
2 Conor Timmins John Ludvig 50 1 2 2
Penalty Kill - 3 Players Forward
Forward Time % Phy DF OF
1 Jack Quinn 50 1 2 2
2 Arttu Ruotsalainen 50 1 2 2
Penalty Kill - 3 Players Defense
Defense Defense Time % Phy DF OF
1 Ian Mitchell Jacob MacDonald 50 1 2 2
2 Conor Timmins John Ludvig 50 1 2 2
4 vs 4 Forward
Center Wing Time % Phy DF OF
1 Jack Quinn Arttu Ruotsalainen 50 1 2 2
2 Aliaksei Protas Jonatan Berggren 50 1 2 2
4 vs 4 Defense
Defense Defense Time % Phy DF OF
1 Ian Mitchell Jacob MacDonald 50 1 2 2
2 Conor Timmins John Ludvig 50 1 2 2
Last Minutes Offensive
Center Left Wing Right Wing Defense Defense
Arttu Ruotsalainen Aliaksei Protas Jack Quinn Ian Mitchell Jacob MacDonald
Last Minutes Defensive
Center Left Wing Right Wing Defense Defense
Arttu Ruotsalainen Aliaksei Protas Jack Quinn Ian Mitchell Jacob MacDonald
Goaltenders
Starting : Joseph Woll
Backup : Dylan Ferguson
Extra Forwards
Normal : Jayden Halbgewachs, James Hamblin, Chase Pearson - PP : Jayden Halbgewachs, James Hamblin - PK : Chase Pearson
Extra Defensemen
Normal : Filip Kral, Johannes Kinnvall, Conor Timmins - PP : Filip Kral - PK : Johannes Kinnvall, Conor Timmins
Penalty Shots
Jack Quinn, Arttu Ruotsalainen, Aliaksei Protas, Jonatan Berggren, Joachim Blichfeld
Adelaide Pink Elephants
5 vs 5 Forward
Center Left Wing Right Wing Time % Phy DF OF
1 Johan Larsson Ryan Dzingel Adam Gaudette 30 1 2 2
2 Kevin Stenlund Dominik Simon Matthew Phillips 30 1 2 2
3 Riley Damiani A.J. Greer Akil Thomas 25 1 2 2
4 Tyler Madden Johan Larsson Ryan Dzingel 15 1 2 2
5 vs 5 Defense
Defense Defense Time % Phy DF OF
1 Caleb Jones Philippe Myers 30 1 2 2
2 Robin Salo Declan Chisholm 30 1 2 2
3 Ben Gleason Nick Cicek 25 1 2 2
4 Caleb Jones Philippe Myers 15 1 2 2
PowerPlay Forward
Center Left Wing Right Wing Time % Phy DF OF
1 Johan Larsson Ryan Dzingel Adam Gaudette 50 1 2 2
2 Kevin Stenlund Dominik Simon Matthew Phillips 50 1 2 2
PowerPlay Defense
Defense Defense Time % Phy DF OF
1 Caleb Jones Philippe Myers 50 1 2 2
2 Robin Salo Declan Chisholm 50 1 2 2
Penalty Kill 4 Players Forward
Center Wing Time % Phy DF OF
1 Johan Larsson Ryan Dzingel 50 1 2 2
2 Adam Gaudette Kevin Stenlund 50 1 2 2
Penalty Kill 4 Players Defense
Defense Defense Time % Phy DF OF
1 Caleb Jones Philippe Myers 50 1 2 2
2 Robin Salo Declan Chisholm 50 1 2 2
Penalty Kill - 3 Players Forward
Forward Time % Phy DF OF
1 Johan Larsson 50 1 2 2
2 Ryan Dzingel 50 1 2 2
Penalty Kill - 3 Players Defense
Defense Defense Time % Phy DF OF
1 Caleb Jones Philippe Myers 50 1 2 2
2 Robin Salo Declan Chisholm 50 1 2 2
4 vs 4 Forward
Center Wing Time % Phy DF OF
1 Johan Larsson Ryan Dzingel 50 1 2 2
2 Adam Gaudette Kevin Stenlund 50 1 2 2
4 vs 4 Defense
Defense Defense Time % Phy DF OF
1 Caleb Jones Philippe Myers 50 1 2 2
2 Robin Salo Declan Chisholm 50 1 2 2
Last Minutes Offensive
Center Left Wing Right Wing Defense Defense
Johan Larsson Ryan Dzingel Adam Gaudette Caleb Jones Philippe Myers
Last Minutes Defensive
Center Left Wing Right Wing Defense Defense
Johan Larsson Ryan Dzingel Adam Gaudette Caleb Jones Philippe Myers
Goaltenders
Starting : Jet Greaves
Backup : Ryan Fanti
Extra Forwards
Normal : Ryan Suzuki, Marc McLaughlin, Riley Damiani - PP : Ryan Suzuki, Marc McLaughlin - PK : Riley Damiani
Extra Defensemen
Normal : Ben Gleason, Nick Cicek, Robin Salo - PP : Ben Gleason - PK : Nick Cicek, Robin Salo
Penalty Shots
Johan Larsson, Ryan Dzingel, Adam Gaudette, Kevin Stenlund, Dominik Simon
% Time on Ice - Niagara IceDogs
Lines # - Real PCT - Wanted PCT - Time Play
Normal Forward
1 - 29% - 30% - 12:57
2 - 29% - 30% - 12:47
3 - 25% - 25% - 11:10
4 - 17% - 15% - 7:47
Normal Defense
1 - 28% - 30% - 12:18
2 - 35% - 30% - 15:37
3 - 28% - 25% - 12:23
4 - 10% - 15% - 4:23
PP Forward
1 - 50% - 50% - 0:59
2 - 50% - 50% - 0:58
PP Defense
1 - 56% - 50% - 1:06
2 - 44% - 50% - 0:51
PK Forward
1 - 46% - 50% - 5:19
2 - 54% - 50% - 6:09
PK Defense
1 - 49% - 50% - 5:39
2 - 51% - 50% - 5:49
PK3 Forward
1 - 0% - 50%
2 - 0% - 50%
PK3 Defense
1 - 0% - 50%
2 - 0% - 50%
44 Forward
1 - 71% - 50% - 1:21
2 - 29% - 50% - 0:33
44 Defense
1 - 96% - 50% - 1:49
2 - 4% - 50% - 0:05
Last Minute Offensive - 0:00
Last Minute Defensive - 0:00
Total
Forward - 60:00
Defense - 60:00
|
% Time on Ice - Adelaide Pink Elephants
Lines # - Real PCT - Wanted PCT - Time Play
Normal Forward
1 - 23% - 30% - 10:30
2 - 30% - 30% - 13:35
3 - 31% - 25% - 13:56
4 - 15% - 15% - 6:40
Normal Defense
1 - 29% - 30% - 12:49
2 - 30% - 30% - 13:27
3 - 30% - 25% - 13:37
4 - 11% - 15% - 4:48
PP Forward
1 - 51% - 50% - 5:51
2 - 49% - 50% - 5:37
PP Defense
1 - 50% - 50% - 5:41
2 - 50% - 50% - 5:47
PK Forward
1 - 50% - 50% - 0:59
2 - 50% - 50% - 0:58
PK Defense
1 - 57% - 50% - 1:07
2 - 43% - 50% - 0:50
PK3 Forward
1 - 0% - 50%
2 - 0% - 50%
PK3 Defense
1 - 0% - 50%
2 - 0% - 50%
44 Forward
1 - 52% - 50% - 0:59
2 - 48% - 50% - 0:55
44 Defense
1 - 60% - 50% - 1:08
2 - 40% - 50% - 0:46
Last Minute Offensive - 0:00
Last Minute Defensive - 0:00
Total
Forward - 60:00
Defense - 60:00
|
Play-by-Play
1st period
0:01 of 1st period - Johan Larsson wins face-off versus Arttu Ruotsalainen in neutral zone.
0:12 of 1st period - Backhand shot by Ryan Dzingel.
0:12 of 1st period - Shot Misses the Net.
0:14 of 1st period - Snap shot by Johan Larsson.
0:14 of 1st period - Shot Misses the Net.
0:43 of 1st period - Joachim Blichfeld is hit by Kevin Stenlund and loses puck.
0:48 of 1st period - Wrist shot by Kevin Stenlund.
0:48 of 1st period - Shot Misses the Net.
0:50 of 1st period - Snap shot by Kevin Stenlund.
0:50 of 1st period - Shot Blocked by Jacob MacDonald.
0:52 of 1st period - Wrist shot by Philippe Myers.
0:52 of 1st period - Stopped by Joseph Woll with a rebound.
0:54 of 1st period - Slapshot by Philippe Myers.
0:54 of 1st period - Deflect By Matthew Phillips.
0:54 of 1st period - Stopped by Joseph Woll with a rebound.
1:10 of 1st period - Snap shot by Matthew Phillips.
1:10 of 1st period - Shot Misses the Net.
1:14 of 1st period - Wrist shot by Matthew Phillips.
1:14 of 1st period - Stopped by Joseph Woll with a rebound.
1:16 of 1st period - Snap shot by Philippe Myers.
1:16 of 1st period - Shot Misses the Net.
1:18 of 1st period - Slapshot by Kevin Stenlund.
1:18 of 1st period - Shot Misses the Net.
1:26 of 1st period - Slapshot by Matthew Phillips.
1:26 of 1st period - Stopped by Joseph Woll with a rebound.
1:44 of 1st period - Wrist shot by Matthew Phillips.
1:44 of 1st period - Shot Misses the Net.
1:52 of 1st period - Snap shot by Matthew Phillips.
1:52 of 1st period - Stopped by Joseph Woll with a rebound.
1:54 of 1st period - Wrist shot by Caleb Jones.
1:54 of 1st period - Stopped by Joseph Woll with a rebound.
2:18 of 1st period - Wrist shot by Dominik Simon.
2:18 of 1st period - Shot Misses the Net.
2:26 of 1st period - Wrist shot by Matthew Phillips.
2:26 of 1st period - Stopped by Joseph Woll with a rebound.
2:28 of 1st period - Snap shot by Philippe Myers.
2:28 of 1st period - Deflect By Matthew Phillips.
2:28 of 1st period - Stopped by Joseph Woll with a rebound.
2:30 of 1st period - Slapshot by Philippe Myers.
2:30 of 1st period - Deflect By Joachim Blichfeld.
2:30 of 1st period - Stopped by Joseph Woll with a rebound.
2:32 of 1st period - Slapshot by Philippe Myers.
2:32 of 1st period - Shot Misses the Net.
2:34 of 1st period - Snap shot by Kevin Stenlund.
2:34 of 1st period - Stopped by Joseph Woll with a rebound.
2:36 of 1st period - Snap shot by Philippe Myers.
2:36 of 1st period - Shot Misses the Net.
2:38 of 1st period - Snap shot by Dominik Simon.
2:38 of 1st period - Shot Blocked by Joachim Blichfeld.
2:40 of 1st period - Snap shot by Kevin Stenlund.
2:40 of 1st period - Deflect By Dominik Simon.
2:40 of 1st period - Stopped by Joseph Woll without a rebound.
2:41 of 1st period - Jayden Halbgewachs wins face-off versus Riley Damiani in Niagara IceDogs zone.
3:16 of 1st period - Snap shot by Johan Larsson.
3:16 of 1st period - Shot Misses the Net.
3:27 of 1st period - Off-side.
3:28 of 1st period - A.J. Greer wins face-off versus Chase Pearson in neutral zone.
3:33 of 1st period - Johannes Kinnvall is hit by A.J. Greer and loses puck.
3:58 of 1st period - Icing by Johannes Kinnvall.
3:59 of 1st period - Tyler Madden wins face-off versus Jayden Halbgewachs in Niagara IceDogs zone.
4:18 of 1st period - Snap shot by Ryan Dzingel.
4:18 of 1st period - Stopped by Joseph Woll with a rebound.
4:20 of 1st period - Slapshot by Declan Chisholm.
4:20 of 1st period - Stopped by Joseph Woll with a rebound.
4:22 of 1st period - Snap shot by Johan Larsson.
4:22 of 1st period - Shot Blocked by Johannes Kinnvall.
4:24 of 1st period - Wrist shot by Johan Larsson.
4:24 of 1st period - Shot Misses the Net.
4:44 of 1st period - Slapshot by James Hamblin.
4:44 of 1st period - Shot Misses the Net.
5:03 of 1st period - Snap shot by Johan Larsson.
5:03 of 1st period - Stopped by Joseph Woll without a rebound.
5:04 of 1st period - Riley Damiani wins face-off versus Arttu Ruotsalainen in Niagara IceDogs zone.
5:07 of 1st period - Snap shot by A.J. Greer.
5:07 of 1st period - Shot Misses the Net.
5:09 of 1st period - Slapshot by Declan Chisholm.
5:09 of 1st period - Deflect By Riley Damiani.
5:09 of 1st period - Stopped by Joseph Woll with a rebound.
5:11 of 1st period - Wrist shot by Riley Damiani.
5:11 of 1st period - Shot Blocked by Conor Timmins.
5:13 of 1st period - Snap shot by Akil Thomas.
5:13 of 1st period - Goal by Akil Thomas - Niagara IceDogs : 0 - Adelaide Pink Elephants : 1.
5:14 of 1st period - Arttu Ruotsalainen wins face-off versus Riley Damiani in neutral zone.
5:29 of 1st period - Snap shot by A.J. Greer.
5:29 of 1st period - Deflect By Jack Quinn.
5:29 of 1st period - Shot Misses the Net.
5:29 of 1st period - Puck is out of play.
5:30 of 1st period - Johan Larsson wins face-off versus Chase Pearson in Niagara IceDogs zone.
5:45 of 1st period - Snap shot by Adam Gaudette.
5:45 of 1st period - Stopped by Joseph Woll without a rebound.
5:46 of 1st period - Arttu Ruotsalainen wins face-off versus A.J. Greer in Niagara IceDogs zone.
5:51 of 1st period - Akil Thomas is hit by Arttu Ruotsalainen and loses puck.
6:20 of 1st period - Snap shot by Johan Larsson.
6:20 of 1st period - Shot Misses the Net.
6:38 of 1st period - Wrist shot by James Hamblin.
6:38 of 1st period - Stopped by Jet Greaves without a rebound.
6:39 of 1st period - Jayden Halbgewachs wins face-off versus Johan Larsson in Adelaide Pink Elephants zone.
7:30 of 1st period - Riley Damiani is hit by Filip Kral and loses puck.
7:41 of 1st period - Minor Penalty to Filip Kral for Hooking.
7:42 of 1st period - Johan Larsson wins face-off versus Jack Quinn in Niagara IceDogs zone.
8:16 of 1st period - Wrist shot by Matthew Phillips.
8:16 of 1st period - Stopped by Joseph Woll with a rebound.
9:41 of 1st period - Penalty to Filip Kral is over, Filip Kral is back on ice.
10:31 of 1st period - Off-side.
10:32 of 1st period - Jonatan Berggren wins face-off versus Riley Damiani in neutral zone.
11:15 of 1st period - Adam Gaudette is hit by Arttu Ruotsalainen and loses puck.
11:20 of 1st period - Snap shot by Aliaksei Protas.
11:20 of 1st period - Shot Blocked by Ben Gleason.
12:58 of 1st period - Icing by Arttu Ruotsalainen.
12:59 of 1st period - Riley Damiani wins face-off versus Jonatan Berggren in Niagara IceDogs zone.
13:02 of 1st period - Slapshot by Riley Damiani.
13:02 of 1st period - Shot Misses the Net.
13:04 of 1st period - Slapshot by Riley Damiani.
13:04 of 1st period - Stopped by Joseph Woll without a rebound.
13:05 of 1st period - Riley Damiani wins face-off versus Jonatan Berggren in Niagara IceDogs zone.
14:22 of 1st period - Snap shot by A.J. Greer.
14:22 of 1st period - Stopped by Joseph Woll with a rebound.
14:39 of 1st period - Slapshot by Joachim Blichfeld.
14:39 of 1st period - Shot Misses the Net.
15:07 of 1st period - Wrist shot by Riley Damiani.
15:07 of 1st period - Shot Misses the Net.
15:09 of 1st period - Snap shot by Riley Damiani.
15:09 of 1st period - Stopped by Joseph Woll without a rebound.
15:10 of 1st period - Arttu Ruotsalainen wins face-off versus Johan Larsson in Niagara IceDogs zone.
15:47 of 1st period - Philippe Myers is hit by Filip Kral.
16:40 of 1st period - Wrist shot by Matthew Phillips.
16:40 of 1st period - Shot Misses the Net.
16:42 of 1st period - Slapshot by Caleb Jones.
16:42 of 1st period - Stopped by Joseph Woll with a rebound.
17:02 of 1st period - Snap shot by Matthew Phillips.
17:02 of 1st period - Stopped by Joseph Woll with a rebound.
17:12 of 1st period - Snap shot by James Hamblin.
17:12 of 1st period - Deflect By Caleb Jones.
17:12 of 1st period - Shot Misses the Net.
17:12 of 1st period - Puck is out of play.
17:13 of 1st period - Arttu Ruotsalainen wins face-off versus Adam Gaudette in Adelaide Pink Elephants zone.
17:16 of 1st period - Snap shot by Arttu Ruotsalainen.
17:16 of 1st period - Deflect By Jack Quinn.
17:16 of 1st period - Stopped by Jet Greaves with a rebound.
17:18 of 1st period - Snap shot by Aliaksei Protas.
17:18 of 1st period - Stopped by Jet Greaves with a rebound.
17:20 of 1st period - Slapshot by Jack Quinn.
17:20 of 1st period - Goal by Jack Quinn - Niagara IceDogs : 1 - Adelaide Pink Elephants : 1.
17:21 of 1st period - Arttu Ruotsalainen wins face-off versus Johan Larsson in neutral zone.
17:24 of 1st period - Declan Chisholm is hit by Arttu Ruotsalainen and loses puck.
17:48 of 1st period - Declan Chisholm is hit by Chase Pearson and loses puck.
19:07 of 1st period - Anthony Angello is hit by Nick Cicek and loses puck.
19:26 of 1st period - Adam Gaudette is hit by Arttu Ruotsalainen.
19:30 of 1st period - Arttu Ruotsalainen is hit by Adam Gaudette and loses puck.
19:59 of 1st period - Wrist shot by James Hamblin.
19:59 of 1st period - Goal by James Hamblin - Niagara IceDogs : 2 - Adelaide Pink Elephants : 1.
Goals for this period are 2 for Niagara IceDogs vs 1 for Adelaide Pink Elephants.
Shots for this period are 5 for Niagara IceDogs vs 23 for Adelaide Pink Elephants.
2nd period
0:01 of 2nd period - Johan Larsson wins face-off versus Arttu Ruotsalainen in neutral zone.
0:10 of 2nd period - Wrist shot by Johan Larsson.
0:10 of 2nd period - Stopped by Joseph Woll with a rebound.
0:12 of 2nd period - Snap shot by Johan Larsson.
0:12 of 2nd period - Stopped by Joseph Woll without a rebound.
0:13 of 2nd period - Johan Larsson wins face-off versus Arttu Ruotsalainen in Niagara IceDogs zone.
0:14 of 2nd period - Wrist shot by Ryan Dzingel.
0:14 of 2nd period - Stopped by Joseph Woll without a rebound.
0:15 of 2nd period - Aliaksei Protas wins face-off versus Johan Larsson in Niagara IceDogs zone.
1:43 of 2nd period - Philippe Myers is hit by Aliaksei Protas and loses puck.
2:56 of 2nd period - Snap shot by Jack Quinn.
2:56 of 2nd period - Shot Hit the Post.
3:14 of 2nd period - Slapshot by Adam Gaudette.
3:14 of 2nd period - Stopped by Joseph Woll with a rebound.
3:16 of 2nd period - Slapshot by Johan Larsson.
3:16 of 2nd period - Stopped by Joseph Woll without a rebound.
3:17 of 2nd period - Jonatan Berggren wins face-off versus Matthew Phillips in Niagara IceDogs zone.
3:46 of 2nd period - Slapshot by Nicholas Robertson.
3:46 of 2nd period - Stopped by Jet Greaves with a rebound.
3:49 of 2nd period - Icing by Robin Salo.
3:50 of 2nd period - Riley Damiani wins face-off versus Chase Pearson in Adelaide Pink Elephants zone.
4:04 of 2nd period - Wrist shot by Chase Pearson.
4:04 of 2nd period - Stopped by Jet Greaves with a rebound.
4:28 of 2nd period - Snap shot by A.J. Greer.
4:28 of 2nd period - Stopped by Joseph Woll without a rebound.
4:29 of 2nd period - Kevin Stenlund wins face-off versus Jonatan Berggren in Niagara IceDogs zone.
6:04 of 2nd period - Robin Salo is hit by Johannes Kinnvall.
6:18 of 2nd period - Declan Chisholm is hit by Tim Soderlund and loses puck.
6:38 of 2nd period - Icing by A.J. Greer.
6:39 of 2nd period - Jayden Halbgewachs wins face-off versus Kevin Stenlund in Adelaide Pink Elephants zone.
7:26 of 2nd period - Philippe Myers is hit by Ian Mitchell and loses puck.
7:51 of 2nd period - Declan Chisholm is hit by Nicholas Robertson and loses puck.
9:17 of 2nd period - Ryan Dzingel is hit by Alex Whelan and loses puck.
9:26 of 2nd period - Slapshot by Nick Cicek.
9:26 of 2nd period - Stopped by Joseph Woll with a rebound.
9:28 of 2nd period - Minor Penalty to Jack Quinn for Roughing.
9:29 of 2nd period - Kevin Stenlund wins face-off versus Aliaksei Protas in Niagara IceDogs zone.
9:48 of 2nd period - Wrist shot by Arttu Ruotsalainen.
9:48 of 2nd period - Stopped by Jet Greaves without a rebound.
9:49 of 2nd period - Kevin Stenlund wins face-off versus Aliaksei Protas in Adelaide Pink Elephants zone.
10:14 of 2nd period - Philippe Myers is hit by John Ludvig and loses puck.
11:28 of 2nd period - Penalty to Jack Quinn is over, Jack Quinn is back on ice.
11:34 of 2nd period - James Hamblin is hit by A.J. Greer.
11:40 of 2nd period - Snap shot by Jack Quinn.
11:40 of 2nd period - Shot Blocked by Philippe Myers.
11:48 of 2nd period - Icing by Filip Kral.
11:49 of 2nd period - Tyler Madden wins face-off versus James Hamblin in Niagara IceDogs zone.
11:58 of 2nd period - Snap shot by Johan Larsson.
11:58 of 2nd period - Stopped by Joseph Woll with a rebound.
12:45 of 2nd period - Jack Quinn is hit by A.J. Greer and loses puck.
13:00 of 2nd period - Wrist shot by Chase Pearson.
13:00 of 2nd period - Stopped by Jet Greaves with a rebound.
14:13 of 2nd period - Snap shot by Joachim Blichfeld.
14:13 of 2nd period - Stopped by Jet Greaves without a rebound.
14:14 of 2nd period - Riley Damiani wins face-off versus Jonatan Berggren in Adelaide Pink Elephants zone.
14:45 of 2nd period - Snap shot by Dominik Simon.
14:45 of 2nd period - Stopped by Joseph Woll with a rebound.
14:47 of 2nd period - Snap shot by Caleb Jones.
14:47 of 2nd period - Stopped by Joseph Woll with a rebound.
14:49 of 2nd period - Snap shot by Matthew Phillips.
14:49 of 2nd period - Stopped by Joseph Woll with a rebound.
15:37 of 2nd period - Minor Penalty to John Ludvig for Tripping.
15:38 of 2nd period - Kevin Stenlund wins face-off versus Aliaksei Protas in Niagara IceDogs zone.
15:43 of 2nd period - Slapshot by Dominik Simon.
15:43 of 2nd period - Stopped by Joseph Woll without a rebound.
15:44 of 2nd period - Kevin Stenlund wins face-off versus Aliaksei Protas in Niagara IceDogs zone.
15:53 of 2nd period - Wrist shot by Matthew Phillips.
15:53 of 2nd period - Stopped by Joseph Woll with a rebound.
15:55 of 2nd period - Snap shot by Kevin Stenlund.
15:55 of 2nd period - Stopped by Joseph Woll with a rebound.
15:57 of 2nd period - Wrist shot by Robin Salo.
15:57 of 2nd period - Stopped by Joseph Woll with a rebound.
15:59 of 2nd period - Slapshot by Robin Salo.
15:59 of 2nd period - Stopped by Joseph Woll with a rebound.
17:37 of 2nd period - Penalty to John Ludvig is over, John Ludvig is back on ice.
17:52 of 2nd period - Wrist shot by Akil Thomas.
17:52 of 2nd period - Stopped by Joseph Woll with a rebound.
18:05 of 2nd period - Off-side.
18:06 of 2nd period - Jayden Halbgewachs wins face-off versus Riley Damiani in neutral zone.
18:36 of 2nd period - Philippe Myers is hit by Jonatan Berggren and loses puck.
19:02 of 2nd period - Minor Penalty to Chase Pearson for Hooking.
19:03 of 2nd period - Johan Larsson wins face-off versus Aliaksei Protas in Niagara IceDogs zone.
Goals for this period are 0 for Niagara IceDogs vs 0 for Adelaide Pink Elephants.
Shots for this period are 5 for Niagara IceDogs vs 17 for Adelaide Pink Elephants.
3rd period
0:01 of 3rd period - Johan Larsson wins face-off versus Aliaksei Protas in neutral zone.
0:08 of 3rd period - Adam Gaudette is hit by John Ludvig.
0:30 of 3rd period - Wrist shot by Adam Gaudette.
0:30 of 3rd period - Goal by Adam Gaudette - Niagara IceDogs : 2 - Adelaide Pink Elephants : 2.
0:31 of 3rd period - Jonatan Berggren wins face-off versus Johan Larsson in neutral zone.
0:36 of 3rd period - Snap shot by Jonatan Berggren.
0:36 of 3rd period - Stopped by Jet Greaves with a rebound.
0:42 of 3rd period - Snap shot by Joachim Blichfeld.
0:42 of 3rd period - Shot Misses the Net.
0:44 of 3rd period - Slapshot by Jacob MacDonald.
0:44 of 3rd period - Stopped by Jet Greaves with a rebound.
0:46 of 3rd period - Snap shot by Jonatan Berggren.
0:46 of 3rd period - Stopped by Jet Greaves with a rebound.
0:58 of 3rd period - Jacob MacDonald is hit by Caleb Jones and loses puck.
1:09 of 3rd period - Wrist shot by Kevin Stenlund.
1:09 of 3rd period - Stopped by Joseph Woll with a rebound.
1:24 of 3rd period - Alex Whelan is hit by A.J. Greer and loses puck.
1:41 of 3rd period - Backhand shot by Nicholas Robertson.
1:41 of 3rd period - Shot Blocked by Ben Gleason.
1:43 of 3rd period - Snap shot by Nicholas Robertson.
1:43 of 3rd period - Shot Misses the Net.
1:45 of 3rd period - Slapshot by Jacob MacDonald.
1:45 of 3rd period - Shot Blocked by Ben Gleason.
1:47 of 3rd period - Wrist shot by Chase Pearson.
1:47 of 3rd period - Deflect By Nicholas Robertson.
1:47 of 3rd period - Stopped by Jet Greaves with a rebound.
1:49 of 3rd period - Wrist shot by Chase Pearson.
1:49 of 3rd period - Stopped by Jet Greaves without a rebound.
1:50 of 3rd period - Jonatan Berggren wins face-off versus Matthew Phillips in Adelaide Pink Elephants zone.
2:54 of 3rd period - John Ludvig is hit by Dominik Simon and loses puck.
3:11 of 3rd period - Ryan Dzingel is hit by Conor Timmins and loses puck.
3:20 of 3rd period - Jacob MacDonald is hit by Ryan Dzingel and loses puck.
3:59 of 3rd period - Snap shot by Jack Quinn.
3:59 of 3rd period - Stopped by Jet Greaves with a rebound.
4:01 of 3rd period - Slapshot by John Ludvig.
4:01 of 3rd period - Deflect By Arttu Ruotsalainen.
4:01 of 3rd period - Stopped by Jet Greaves without a rebound.
4:02 of 3rd period - Johan Larsson wins face-off versus Arttu Ruotsalainen in Adelaide Pink Elephants zone.
4:07 of 3rd period - Slapshot by Caleb Jones.
4:07 of 3rd period - Shot Misses the Net.
4:15 of 3rd period - Slapshot by Arttu Ruotsalainen.
4:15 of 3rd period - Stopped by Jet Greaves without a rebound.
4:16 of 3rd period - Kevin Stenlund wins face-off versus Anthony Angello in Adelaide Pink Elephants zone.
4:16 of 3rd period - Kevin Stenlund is hit by Anthony Angello.
4:34 of 3rd period - John Ludvig is hit by Caleb Jones and loses puck.
4:42 of 3rd period - Icing by Joachim Blichfeld.
4:43 of 3rd period - Jonatan Berggren wins face-off versus Johan Larsson in Niagara IceDogs zone.
5:04 of 3rd period - Minor Penalty to Anthony Angello for Delaying the game.
5:05 of 3rd period - Johan Larsson wins face-off versus Jack Quinn in Niagara IceDogs zone.
5:12 of 3rd period - Snap shot by Johan Larsson.
5:12 of 3rd period - Stopped by Joseph Woll with a rebound.
5:20 of 3rd period - Snap shot by Arttu Ruotsalainen.
5:20 of 3rd period - Stopped by Jet Greaves without a rebound.
5:21 of 3rd period - Kevin Stenlund wins face-off versus Jonatan Berggren in Adelaide Pink Elephants zone.
6:47 of 3rd period - Conor Timmins is hit by Adam Gaudette.
7:04 of 3rd period - Penalty to Anthony Angello is over, Anthony Angello is back on ice.
7:14 of 3rd period - Snap shot by John Ludvig.
7:14 of 3rd period - Stopped by Jet Greaves with a rebound.
7:25 of 3rd period - Johannes Kinnvall is hit by Riley Damiani and loses puck.
7:36 of 3rd period - Snap shot by Jayden Halbgewachs.
7:36 of 3rd period - Shot Blocked by Nick Cicek.
7:58 of 3rd period - Wrist shot by Tim Soderlund.
7:58 of 3rd period - Stopped by Jet Greaves with a rebound.
8:37 of 3rd period - Minor Penalty to Jonatan Berggren for Hooking.
8:38 of 3rd period - Aliaksei Protas wins face-off versus Kevin Stenlund in Niagara IceDogs zone.
9:08 of 3rd period - Wrist shot by Philippe Myers.
9:08 of 3rd period - Deflect By Ryan Dzingel.
9:08 of 3rd period - Stopped by Joseph Woll with a rebound.
9:10 of 3rd period - Snap shot by Ryan Dzingel.
9:10 of 3rd period - Shot Blocked by Jacob MacDonald.
10:37 of 3rd period - Penalty to Jonatan Berggren is over, Jonatan Berggren is back on ice.
10:45 of 3rd period - Snap shot by Joachim Blichfeld.
10:45 of 3rd period - Stopped by Jet Greaves without a rebound.
10:46 of 3rd period - Jonatan Berggren wins face-off versus Riley Damiani in Adelaide Pink Elephants zone.
10:52 of 3rd period - Minor Penalty to Nick Cicek for Hooking.
10:53 of 3rd period - Johan Larsson wins face-off versus Arttu Ruotsalainen in Adelaide Pink Elephants zone.
10:57 of 3rd period - Minor Penalty to Jack Quinn for Tripping.
10:58 of 3rd period - Jayden Halbgewachs wins face-off versus Johan Larsson in Niagara IceDogs zone.
11:03 of 3rd period - Caleb Jones is hit by Jayden Halbgewachs and loses puck.
11:12 of 3rd period - Snap shot by Arttu Ruotsalainen.
11:12 of 3rd period - Shot Misses the Net.
11:14 of 3rd period - Wrist shot by Arttu Ruotsalainen.
11:14 of 3rd period - Stopped by Jet Greaves with a rebound.
11:48 of 3rd period - Slapshot by Jacob MacDonald.
11:48 of 3rd period - Shot Misses the Net.
12:18 of 3rd period - Snap shot by James Hamblin.
12:18 of 3rd period - Shot Misses the Net.
12:20 of 3rd period - Snap shot by James Hamblin.
12:20 of 3rd period - Shot Blocked by Adam Gaudette.
12:22 of 3rd period - Slapshot by Jacob MacDonald.
12:22 of 3rd period - Shot Blocked by Adam Gaudette.
12:52 of 3rd period - Penalty to Nick Cicek is over, Nick Cicek is back on ice.
12:57 of 3rd period - Penalty to Jack Quinn is over, Jack Quinn is back on ice.
13:09 of 3rd period - Wrist shot by Jonatan Berggren.
13:09 of 3rd period - Goal by Jonatan Berggren - Niagara IceDogs : 3 - Adelaide Pink Elephants : 2.
13:10 of 3rd period - Johan Larsson wins face-off versus Arttu Ruotsalainen in neutral zone.
13:21 of 3rd period - Snap shot by Jack Quinn.
13:21 of 3rd period - Stopped by Jet Greaves with a rebound.
13:35 of 3rd period - Icing by Jack Quinn.
13:36 of 3rd period - Jonatan Berggren wins face-off versus Kevin Stenlund in Niagara IceDogs zone.
13:36 of 3rd period - Jonatan Berggren is hit by Matthew Phillips.
13:50 of 3rd period - Snap shot by Dominik Simon.
13:50 of 3rd period - Shot Blocked by John Ludvig.
13:52 of 3rd period - Slapshot by Declan Chisholm.
13:52 of 3rd period - Shot Misses the Net.
14:04 of 3rd period - Snap shot by Jack Quinn.
14:04 of 3rd period - Shot Blocked by Robin Salo.
14:06 of 3rd period - Snap shot by Jack Quinn.
14:06 of 3rd period - Shot Blocked by Ryan Dzingel.
14:08 of 3rd period - Slapshot by John Ludvig.
14:08 of 3rd period - Shot Blocked by Robin Salo.
14:45 of 3rd period - Caleb Jones is hit by Filip Kral and loses puck.
14:52 of 3rd period - Snap shot by Tim Soderlund.
14:52 of 3rd period - Shot Misses the Net.
15:38 of 3rd period - Snap shot by Jonatan Berggren.
15:38 of 3rd period - Stopped by Jet Greaves with a rebound.
15:40 of 3rd period - Slapshot by Jacob MacDonald.
15:40 of 3rd period - Stopped by Jet Greaves with a rebound.
15:42 of 3rd period - Snap shot by Ian Mitchell.
15:42 of 3rd period - Stopped by Jet Greaves with a rebound.
15:58 of 3rd period - Snap shot by Nicholas Robertson.
15:58 of 3rd period - Shot Misses the Net.
16:00 of 3rd period - Wrist shot by Chase Pearson.
16:00 of 3rd period - Shot Blocked by Nick Cicek.
16:02 of 3rd period - Slapshot by Johannes Kinnvall.
16:02 of 3rd period - Deflect By Nicholas Robertson.
16:02 of 3rd period - Shot Blocked by Ben Gleason.
16:02 of 3rd period - Puck is out of play.
16:03 of 3rd period - Tyler Madden wins face-off versus Jayden Halbgewachs in Adelaide Pink Elephants zone.
16:14 of 3rd period - Snap shot by Alex Whelan.
16:14 of 3rd period - Shot Misses the Net.
16:16 of 3rd period - Slapshot by Conor Timmins.
16:16 of 3rd period - Shot Blocked by Johan Larsson.
16:18 of 3rd period - Snap shot by Alex Whelan.
16:18 of 3rd period - Stopped by Jet Greaves with a rebound.
16:37 of 3rd period - Wrist shot by Chase Pearson.
16:37 of 3rd period - Shot Blocked by Kevin Stenlund.
17:03 of 3rd period - Declan Chisholm is hit by Joachim Blichfeld and loses puck.
18:07 of 3rd period - Minor Penalty to Nick Cicek for Hooking.
18:08 of 3rd period - Johan Larsson wins face-off versus Anthony Angello in Adelaide Pink Elephants zone.
19:38 of 3rd period - Joachim Blichfeld is hit by Robin Salo and loses puck.
Goals for this period are 1 for Niagara IceDogs vs 1 for Adelaide Pink Elephants.
Shots for this period are 19 for Niagara IceDogs vs 4 for Adelaide Pink Elephants.
Back to the Top